 Dungeon Crawl Stone Soup version 0.31-a0-4-gefa6de2278 (webtiles) character file.

Game seed: 6084167754263337483

114 Conn the Firebug (level 4, -2/27 HPs)
             Began as an Octopode Fire Elementalist on May 4, 2023.
             Slain by a gnoll
             ... wielding a +0 spear
             ... led by a gnoll bouda
              (4 damage)
             ... on level 3 of the Dungeon.
             The game lasted 00:12:31 (2188 turns).

Conn the Firebug (Octopode Fire Elementalist)       Turns: 2188, Time: 00:12:35

Health: -2/27      AC:  1    Str:  7    XL:     4   Next: 97%
Magic:  0/8        EV: 13    Int: 25    God:
Gold:   104        SH:  0    Dex: 12    Spells: 2/8 levels left

rFire   . . .        d - +0 dagger
rCold   . . .        (no shield)
rNeg    . . .        (helmet restricted)
rPois   .            (no amulet)
rElec   .            h - +6 ring of intelligence
rCorr   +            m - ring of resist corrosion
SInv    .            (no ring)
Will    .....        (no ring)
Stlth   +++          (no ring)
HPRegen 0.24/turn    (no ring)
MPRegen 0.11/turn    (no ring)
                     (no ring)

%: no passive effects
@: mighty
A: almost no armour, amphibious, 8 rings, camouflage 1, gelatinous body 1,
(nimble swimmer 1), tentacles
a: no special abilities


You were on level 3 of the Dungeon.
You visited 1 branch of the dungeon, and saw 3 of its levels.

You collected 104 gold pieces.

Inventory:

Hand Weapons
 d - a +0 dagger (weapon)
Jewellery
 h - a +6 ring of intelligence (left tentacle)
 m - a ring of resist corrosion (right tentacle)
Scrolls
 b - a scroll of enchant weapon
 c - a scroll of magic mapping
 e - a scroll of fog
 j - a scroll of poison
 l - a scroll of amnesia
 p - a scroll of blinking {unknown}
Potions
 a - a potion of magic
 g - a potion of might
 i - a potion of brilliance
 k - a potion of flight
 o - 2 potions of lignification


   Skills:
 + Level 0.3 Fighting
 + Level 0.1 Short Blades
 + Level 2.4 Dodging
 + Level 3.2 Stealth
 + Level 2.6 Spellcasting
 + Level 1.5 Conjurations
 + Level 4.3 Fire Magic


You had 2 spell levels left.
You knew the following spells:

 Your Spells              Type           Power      Damage    Failure   Level
a - Foxfire               Conj/Fire      72%        2x1d7     3%          1
b - Scorch                Fire           50%        2d7       2%          2
c - Inner Flame           Hex/Fire       14%        N/A       13%         3

Your spell library contained the following spells:

 Spells                   Type           Power      Damage    Failure   Level
 Ensorcelled Hibernation  Hex/Ice        6%         N/A       16%         2
 Passwall                 Tmut/Erth      2%         N/A       16%         2
 Volatile Blastmotes      Fire/Tloc      28%        2d12      13%         3
 Flame Wave               Conj/Fire      18%        2d7       30%         4
 Swiftness                Air            3%         N/A       32%         3


Dungeon Overview and Level Annotations

Branches:
Dungeon (3/15)

Altars:
Fedhas

Shops:
D:3 [!!


Innate Abilities, Weirdness & Mutations

You cannot wear most types of armour.
You are amphibious.
You can wear up to eight rings at the same time.
Your skin changes colour to match your surroundings (Stealth+).
Your rubbery body absorbs attacks. (AC +1, EV +1)
((You are camouflaged when in or above water. (Stealth+)))
You have tentacles for arms and can constrict up to eight enemies at once.


Message History

As you read the scroll labelled VADUSCH FOKEKARCH, it crumbles to dust.
You assume a fearsome visage.
The gnoll bouda looks frightened!
The gnoll looks frightened! x3; It was a scroll of fear.
Your attacks no longer feel as feeble.
The gnoll is no longer moving quickly.
The gnoll is no longer moving quickly.
The gnoll bouda prays to its god.
The gnoll bouda is healed somewhat.
The gnoll shouts!
A gnoll comes into view. It is wielding a +0 halberd.
The gnoll seems to regain its courage. x2
Casting: Foxfire (safe; 3% risk of failure)
Confirm with . or Enter, or press ? or * to list all spells.
You conjure some foxfire!
The gnoll barely misses you.
Unknown command.
Casting: Foxfire (safe; 3% risk of failure)
Confirm with . or Enter, or press ? or * to list all spells.
You conjure some foxfire!
The gnoll bouda seems to regain its courage.
The foxfire hits the gnoll.
The gnoll is moderately wounded.
The foxfire hits the gnoll.
The gnoll is heavily wounded.
The gnoll closely misses you.
The gnoll bouda barks out a call to the hunt!
The gnolls pick up the pace!
The foxfire hits the gnoll but does no damage.
The gnoll is heavily wounded.
The foxfire hits the gnoll.
The gnoll is severely wounded.
The gnoll hits you from afar with a +0 spear!
* * * LOW HITPOINT WARNING * * *
It was a potion of might.
You feel very mighty all of a sudden.
The gnoll shouts!
The gnoll bouda barks out a call to the hunt!
The gnoll hits you from afar with a +0 spear.
* * * LOW HITPOINT WARNING * * *
The gnoll hits you from afar with a +0 spear.
You die...

#..[...............,,
#..................,,
#.gg..#########.~~≈,,
#.....# **.~∩~,,
##...## *,,~≈≈,*
#...# ****,,,,,,,
#.gg# ***,,,,******
#$.§# *,,,,,,* #.§@#
*,,,,*** ##### ******


You could see a gnoll bouda and 3 gnolls.

Vanquished Creatures
  Terence (D:2)
  3 adders
  5 worms
  7 ball pythons
  4 endoplasms
  2 giant cockroaches
  4 goblins
  6 hobgoblins
  2 kobolds
  6 bats
  4 frilled lizards
  4 rats
48 creatures vanquished.

Vanquished Creatures (others)
  160 foxfires
160 creatures vanquished.

Grand Total: 208 creatures vanquished

Notes
Turn   | Place    | Note
-------+----------+-------------------------------------------
     0 | D:1      | Conn the Octopode Fire Elementalist began the quest for the
                  | Orb.
     0 | D:1      | Reached XP level 1. HP: 11/11 MP: 3/3
   324 | D:1      | Reached XP level 2. HP: 17/17 MP: 5/5
   702 | D:1      | Found a faded altar of an unknown god.
  1010 | D:2      | Reached XP level 3. HP: 21/21 MP: 3/6
  1127 | D:2      | Reached skill level 4 in Fire Magic
  1272 | D:2      | Reached XP level 4. HP: 27/27 MP: 4/7
  1354 | D:2      | Noticed Terence
  1596 | D:1      | Learned a level 2 spell: Scorch
  1600 | D:1      | Learned a level 3 spell: Inner Flame
  1628 | D:2      | Killed Terence
  2050 | D:3      | Found a blossoming altar of Fedhas.
  2099 | D:3      | Found Naodoha's Distillery.
  2123 | D:3      | Found Socruogg's Armour Shop.
  2151 | D:3      | Found Tymicuniw's Distillery.
  2188 | D:3      | Slain by a gnoll

Illustrated notes

Levels and vault maps discovered:
D:1:      psy_arrival_radial02, layout_loops_ring,
          ebering_ecumenical_altar_hall, serial_forest,
          infiniplex_forest_lined_3_way, infiniplex_forest_clump_small,
          infiniplex_forest_clump_C, infiniplex_forest_clump_medium,
          infiniplex_forest_straight_1, infiniplex_forest_lined_room_3,
          infiniplex_forest_straight_4, infiniplex_forest_diagonal,
          infiniplex_forest_corner_1, infiniplex_forest_lined_2,
          chequers_serial_rivers_small_b, minmay_misc_feat_four_crosses,
          chequers_serial_rivers_small_3, minmay_tromino_v4_c
D:2:      layout_rooms, uniq_terence
D:3:      layout_rooms, mainiacjoe_overflow_catwalk, fedhas_altar_1,
          serial_shops, shop_statue, nicolae_shop_industrial_runoff,
          nicolae_shop_peninsula, uniq_crazy_yiuf_cottage, uniq_natasha

Skill      XL: |  1  2  3 |
---------------+----------+-----
Fire Magic     | 4 |  4.3
Stealth        | 3 |  3.2
Fighting       | |  0.3
Short Blades   | |  0.1
Dodging        | |  2.4
Spellcasting   | |  2.6
Conjurations   | |  1.5

Action                     |  1- 3 |  4- 6 || total
---------------------------+-------+-------++-------
  Melee: Dagger            |    28 |    10 ||    38
         Constrict         |     5 |     4 ||     9
         Tentacles         |     3 |     3 ||     6
   Cast: Foxfire           |    50 |    43 ||    93
         Inner Flame       |       |     1 ||     1
         Scorch            |       |     1 ||     1
    Use: Potion            |     4 |     2 ||     6
         Scroll            |       |     8 ||     8
   Stab: Sleeping          |     3 |       ||     3
 Armour: Skin              |    21 |     1 ||    22
  Dodge: Dodged            |    32 |    14 ||    46

Table legend: (Time is in decaauts)
 A = Elapsed time spent in this place.
 B = Non-inter-level travel time spent in this place.
 C = Inter-level travel time spent in this place.
 D = Time resting spent in this place.
 E = Time spent auto-exploring this place.
 F = Levels seen in this place.
 G = Mean time per level.
                   A        B        C        D        E       F      G
               +--------+--------+--------+--------+--------+-----+--------+
         Total |   2187 |   2166 |     21 |     62 |   1274 |   3 |  729.0 |
       Dungeon |   2187 |   2166 |     21 |     62 |   1274 |   3 |  729.0 |
               +--------+--------+--------+--------+--------+-----+--------+

Top non-repeatable levels by time:
     D:1: 1179 daAuts
     D:2: 859 daAuts
     D:3: 148 daAuts
